 Dungeon Crawl Stone Soup version 0.28-a0-312-gbced6e68ee (webtiles) character file.

Game seed: 18240663061971923228

7 Archison the Sneak (level 1, -2/9 HPs)
             Began as a Spriggan Enchanter on Aug 30, 2021.
             Frozen to death by an endoplasm (5 damage)
             ... on level 1 of the Dungeon.
             The game lasted 00:02:30 (1000 turns).

Archison the Sneak (Spriggan Enchanter)             Turns: 1000, Time: 00:02:31

Health: -2/9       AC:  2    Str:  4    XL:     1   Next: 83%
Magic:  5/5        EV: 17    Int: 16    God:
Gold:   3          SH:  0    Dex: 15    Spells: 6/6 levels left

rFire   . . .      SeeInvis +   a - +1 dagger
rCold   . . .      Faith    .   (shield restricted)
rNeg    . . .      Spirit   .   b - +0 robe
rPois   .          Reflect  .   (helmet restricted)
rElec   .          Harm     .   (no cloak)
rCorr   .          Rampage  .   (gloves unavailable)
Will    .....                   (boots unavailable)
Stlth   +++.......              (no amulet)
HPRegen 0.03/turn               (no ring)
MPRegen 0.09/turn               (no ring)

@: very quick
A: very small, no large weapons, unfitting armour, see invisible, speed 3
a: no special abilities


You were on level 1 of the Dungeon.
You visited 1 branch of the dungeon, and saw 1 of its levels.

You collected 3 gold pieces.

Inventory:

Hand Weapons
 a - a +1 dagger (weapon)
Armour
 b - a +0 robe (worn)
Scrolls
 d - a scroll of teleportation {unknown}
 f - a scroll of fog {unknown}
 h - a scroll of noise {unknown}
 i - a scroll of identify {unknown}
Potions
 c - a potion of invisibility
 e - a potion of mutation {unknown}
 g - a potion of berserk rage {unknown}
 j - a potion of might {unknown}
 k - a potion of haste {unknown}


   Skills:
 + Level 1.3 Short Blades
 + Level 2.7 Dodging
 + Level 4.6 Stealth
 + Level 3.0 Spellcasting
 + Level 3.7 Hexes


You had 6 spell levels left.
You didn't know any spells.
Your spell library contained the following spells:

 Spells                   Type           Power      Damage    Failure   Level
 Confusing Touch          Hex            14%        N/A       12%         3
 Tukima's Dance           Hex            14%        N/A       12%         3
 Ensorcelled Hibernation  Hex/Ice        16%        N/A       13%         2
 Dazzling Flash           Conj/Hex       16%        N/A       26%         3


Dungeon Overview and Level Annotations

Branches:
Dungeon (1/15)

Altars:


Innate Abilities, Weirdness & Mutations

You are very small and have problems with some larger weapons.
You are too small for most types of armour.
You have supernaturally acute eyesight. (SInv)
You cover ground extremely quickly. (Speed+++)


Message History

There is a stone staircase leading down here.
You see here 3 gold pieces.
There is a stone staircase leading down here.
You see here 3 gold pieces.
You now have 3 gold pieces.
There is a stone staircase leading down here.
You open the door.
Found 17 bolts.
There is an open door here.
There is a dry fountain here.
You close the door.
You see here 17 bolts.
There is a dry fountain here.
There is a dry fountain here.
You open the large door.
There is a large open door here.
There is a large open door here.
k - a sedimented grey potion
There are no items here.
A goblin opens the large door.
There is a large open door here.
There is a large open door here.
The goblin shouts!
There is a dry fountain here.
The goblin hits you with a +0 dagger.
There is a dry fountain here.
You open the door.
An endoplasm comes into view.
The goblin misses you.
There is an open door here.
There's a creature in the doorway!
The goblin misses you.
The endoplasm quivers.
You start resting.
An endoplasm is nearby!
An endoplasm is nearby!
The endoplasm freezes you.
You are frozen.
Ouch! That really hurt!
You die...

.......# #..##...##......#
..J....# #..##.⌠.##.......#
.......#...####'##........#
.....J.###........g.......###
#......#######.#.####........
######.......#.#.....J.######
#.....#J#.######..#
#.###.#.#.#....#g.# #.#
#.#.#.#@#..#..# #.#
#.#J#.#J#..#..# #.#
#.#.#.#.#..#..# #.#
#.#g#.#.####..# #.#
#.#.#.#.......#
######.###.#.#.#######.#
.............#...g.....#
######.###...g.g........ #.#
#.##############


You could see an endoplasm.

Vanquished Creatures
  A bat (D:1)
  An endoplasm (D:1)
  A goblin (D:1)
  A quokka (D:1)
  A kobold (D:1)
  A rat (D:1)
6 creatures vanquished.

Vanquished Creatures (others)
  A plant (D:1)
1 creature vanquished.

Grand Total: 7 creatures vanquished

Notes
Turn   | Place    | Note
-------+----------+-------------------------------------------
     0 | D:1      | Archison the Spriggan Enchanter began the quest for the
                  | Orb.
     0 | D:1      | Reached XP level 1. HP: 9/9 MP: 5/5
    27 | D:1      | Found a faded altar of an unknown god.
  1000 | D:1      | Frozen to death by an endoplasm

Illustrated notes

Levels and vault maps discovered:
D:1:      giann_bridges, layout_basic, shapermc_ecumenical_altar_totnotflames,
          st_stairs_12, grunt_decor_arrowhead

Skill      XL: |  1 |
---------------+----+-----
Spellcasting   | 3 |  3.0
Short Blades   | |  1.3
Dodging        | |  2.7
Stealth        | |  4.6
Hexes          | |  3.7

Action                   || total
-------------------------++-------
Melee: Dagger            ||    31
 Stab: Distracted        ||     1
       Sleeping          ||     1
Armor: Robe              ||     3
Dodge: Dodged            ||    22

Table legend: (Time is in decaauts)
 A = Elapsed time spent in this place.
 B = Non-inter-level travel time spent in this place.
 C = Inter-level travel time spent in this place.
 D = Time resting spent in this place.
 E = Time spent auto-exploring this place.
 F = Levels seen in this place.
 G = Mean time per level.
                   A        B        C        D        E       F      G
               +--------+--------+--------+--------+--------+-----+--------+
         Total |    766 |    766 |      0 |    274 |    137 |   1 |  766.0 |
       Dungeon |    766 |    766 |      0 |    274 |    137 |   1 |  766.0 |
               +--------+--------+--------+--------+--------+-----+--------+

Top non-repeatable levels by time:
     D:1: 766 daAuts
